 Dungeon Crawl Stone Soup version 0.28.0-43-g3370ac3207 (webtiles) character file.

Game seed: 16474583598719164848

60 ZappyNine the Insei (level 4, -2/34 HPs)
             Began as a Gnoll Transmuter on Mar 13, 2022.
             Slain by a lemure (4 damage)
             ... led by Pikel
             ... on level 2 of the Dungeon.
             The game lasted 00:02:59 (1360 turns).

ZappyNine the Insei (Gnoll Transmuter)              Turns: 1360, Time: 00:03:00

Health: -2/34      AC: 10    Str: 11    XL:     4   Next: 4%
Magic:  11/11      EV: 13    Int: 13    God:
Gold:   45         SH:  0    Dex: 12    Spells: 12/13 levels left

rFire   . . .      SeeInvis .   b - +2 dagger (protect)
rCold   . . .      Faith    .   (no shield)
rNeg    . . .      Spirit   .   a - +0 robe
rPois   .          Reflect  .   (no helmet)
rElec   .          Harm     .   (no cloak)
rCorr   .          Rampage  .   e - +0 pair of gloves
Will    .....                   (no boots)
Stlth   ++........              (no amulet)
HPRegen 0.11/turn               (no ring)
MPRegen 0.12/turn               (no ring)

@: under a protective aura
A: fangs 1, strong nose, distributed training
a: no special abilities


You were on level 2 of the Dungeon.
You visited 1 branch of the dungeon, and saw 4 of its levels.

You collected 45 gold pieces.

Inventory:

Hand Weapons
 b - a +2 dagger of protection (weapon)
Armour
 a - a +0 robe (worn)
 e - a +0 pair of gloves (worn)
Scrolls
 c - 3 scrolls of identify {unknown}
 d - a scroll of magic mapping {unknown}
 f - a scroll of torment {unknown}
 h - a scroll of teleportation {unknown}
Potions
 g - a potion of mutation {unknown}


   Skills:
 + Level 2.7 Fighting
 + Level 1.0 Short Blades
 + Level 1.0 Long Blades
 + Level 1.0 Axes
 + Level 1.0 Maces & Flails
 + Level 1.0 Polearms
 + Level 1.0 Staves
 + Level 1.0 Slings
 + Level 1.0 Bows
 + Level 1.0 Crossbows
 + Level 1.0 Throwing
 + Level 1.0 Armour
 + Level 4.6 Dodging
 + Level 1.0 Stealth
 + Level 1.0 Shields
 + Level 6.5 Unarmed Combat
 + Level 5.0 Spellcasting
 + Level 0.7 Conjurations
 + Level 0.7 Hexes
 + Level 0.7 Summonings
 + Level 0.7 Necromancy
 + Level 0.7 Translocations
 + Level 3.8 Transmutations
 + Level 0.7 Fire Magic
 + Level 0.7 Ice Magic
 + Level 0.7 Air Magic
 + Level 0.7 Earth Magic
 + Level 0.7 Poison Magic
 + Level 1.1 Invocations
 + Level 1.0 Evocations


You had 12 spell levels left.
You knew the following spells:

 Your Spells              Type           Power      Damage    Failure   Level
a - Beastly Appendage     Tmut           26%        N/A       3%          1

Your spell library contained the following spells:

 Spells                   Type           Power      Damage    Failure   Level
 Wereblood                Tmut           13%        N/A       6%          2
 Spider Form              Tmut/Pois      9%         N/A       22%         3
 Dazzling Flash           Conj/Hex       10%        N/A       38%         3
 Ice Form                 Ice/Tmut       9%         N/A       58%         4
 Iskenderun's Mystic Bla  Conj/Tloc      5%         2d3       80%         4
 Starburst                Conj/Fire      2%         6d3       100%        6


Dungeon Overview and Level Annotations

Branches:
Dungeon (4/15)
 Temple: D:4-7

Altars:

Annotations:
D:3 Pikel


Innate Abilities, Weirdness & Mutations

You have very sharp teeth.
Your uncanny sense of smell can sniff out nearby items.
Your experience applies equally to all skills.


Message History

The lemure is lightly wounded.
You hit the lemure but do no damage. You claw the lemure.
You headbutt the lemure.
The lemure is moderately wounded.
The lemure barely misses you.
You hit the lemure but do no damage. Your kick misses the lemure.
The lemure is moderately wounded.
The lemure barely misses you.
You miss the lemure. Your punch misses the lemure.
The lemure is moderately wounded.
The lemure closely misses you.
You hit the lemure. Your kick misses the lemure.
The lemure is heavily wounded.
The lemure completely misses you.
You hit the lemure. Your headbutt misses the lemure.
The lemure is severely wounded.
The lemure hits you.
* * * LOW HITPOINT WARNING * * *
You barely miss the lemure. Your kick misses the lemure.
Your headbutt misses the lemure.
The lemure is severely wounded.
The lemure misses you.
You hit the lemure. Your kick misses the lemure.
Your headbutt misses the lemure.
The lemure is severely wounded.
The lemure hits you.
* * * LOW HITPOINT WARNING * * *
You hit the lemure. Your kick misses the lemure.
Your headbutt misses the lemure.
The lemure is severely wounded.
Your horns disappear.
Your talons disappear.
The lemure closely misses you.
You hit the lemure but do no damage. You bite the lemure, but do no damage.
The lemure is severely wounded.
The lemure hits you but does no damage.
You barely miss the lemure. You punch the lemure.
You bite the lemure, but do no damage.
The lemure is severely wounded.
The lemure hits you.
You die...

##################
.........5@.......
###.#####.####.#####
.......5..# #
........#.#
.##h##..#.# # #?...#
...... .#.....
..#...#..


You could see a lemure.

Vanquished Creatures
  Robin (D:2)
  A dart slug (D:1)
  2 bats (D:1)
  2 endoplasms (D:1)
  2 giant cockroaches (D:1)
  6 hobgoblins
  5 jackals
  A quokka (D:1)
  2 ball pythons (D:1)
  4 frilled lizards (D:1)
  13 goblins
  2 kobolds
  A rat (D:1)
42 creatures vanquished.

Notes
Turn   | Place    | Note
-------+----------+-------------------------------------------
     0 | D:1      | ZappyNine the Gnoll Transmuter began the quest for the Orb.
     0 | D:1      | Reached XP level 1. HP: 17/17 MP: 6/6
   227 | D:1      | Reached XP level 2. HP: 20/23 MP: 7/7
   564 | D:1      | Reached XP level 3. HP: 28/28 MP: 9/9
   603 | D:1      | Reached skill level 5 in Spellcasting
   931 | D:2      | Noticed Robin
   939 | D:2      | Killed Robin
   940 | D:2      | Reached skill level 1 in Invocations
   964 | D:2      | Reached skill level 1 in Short Blades
   964 | D:2      | Reached skill level 1 in Long Blades
   964 | D:2      | Reached skill level 1 in Axes
   964 | D:2      | Reached skill level 1 in Maces & Flails
   964 | D:2      | Reached skill level 1 in Polearms
   964 | D:2      | Reached skill level 1 in Staves
   964 | D:2      | Reached skill level 1 in Slings
   964 | D:2      | Reached skill level 1 in Bows
   964 | D:2      | Reached skill level 1 in Crossbows
   964 | D:2      | Reached skill level 1 in Throwing
   964 | D:2      | Reached skill level 1 in Armour
   964 | D:2      | Reached skill level 1 in Stealth
   964 | D:2      | Reached skill level 1 in Shields
   964 | D:2      | Reached skill level 1 in Evocations
  1316 | D:2      | You fall into a shaft and drop 2 floors!
  1316 | D:4      | Noticed Pikel
  1316 | D:4      | Noticed a lemure
  1316 | D:4      | Noticed a lemure
  1316 | D:4      | Noticed a lemure
  1316 | D:4      | Noticed a lemure
  1340 | D:2      | Reached XP level 4. HP: 9/34 MP: 9/11
  1360 | D:2      | Slain by a lemure

Illustrated notes

Levels and vault maps discovered:
D:1:      dpeg_arrival_lava_temple_mockup, layout_basic, minmay_tromino_v4_c
D:2:      layout_basic, chequers_ecumenical_altar_simple_redux, uniq_robin,
          uniq_sigmund
D:3:      layout_basic, serial_shops, nicolae_shop_trees
D:4:      layout_rooms, cheibriados_altar_2, uniq_pikel

Skill      XL: |  1  2  3 |
---------------+----------+-----
Spellcasting   | 5 |  5.0
Invocations    | 1 |  1.1
Short Blades   | 1 |  1.0
Long Blades    | 1 |  1.0
Axes           | 1 |  1.0
Maces & Flails | 1 |  1.0
Polearms       | 1 |  1.0
Staves         | 1 |  1.0
Slings         | 1 |  1.0
Bows           | 1 |  1.0
Crossbows      | 1 |  1.0
Throwing       | 1 |  1.0
Armour         | 1 |  1.0
Stealth        | 1 |  1.0
Shields        | 1 |  1.0
Evocations     | 1 |  1.0
Fighting       | |  2.7
Dodging        | |  4.6
Unarmed Combat | |  6.5
Conjurations   | |  0.7
Hexes          | |  0.7
Summonings     | |  0.7
Necromancy     | |  0.7
Translocations | |  0.7
Transmutations | |  3.8
Fire Magic     | |  0.7
Ice Magic      | |  0.7
Air Magic      | |  0.7
Earth Magic    | |  0.7
Poison Magic   | |  0.7

Action                   |  1- 3 |  4- 6 || total
-------------------------+-------+-------++-------
Melee: Unarmed           |    12 |       ||    12
       Dagger            |   116 |    21 ||   137
       Bite              |     9 |     4 ||    13
       Kick              |     3 |     3 ||     6
       Punch             |     6 |     1 ||     7
       Headbutt          |     3 |     1 ||     4
 Cast: Beastly Appendage |     4 |       ||     4
 Stab: Sleeping          |     2 |       ||     2
Armor: Robe              |    52 |     5 ||    57
Dodge: Dodged            |    95 |    14 ||   109
